[Event "ICC tourney 2154 (40 10)"]
[Site "Internet Chess Club"]
[Date "2020.11.22"]
[Round "5"]
[White "wawaba"]
[Black "standingwriter"]
[Result "0-1"]
[ICCResult "White checkmated"]
[WhiteElo "335"]
[BlackElo "832"]
[Opening "Petrov's defense"]
[ECO "C42"]
[NIC "RG.03"]
[Time "20:01:10"]
[TimeControl "2400+10"]

1. e4 e5 2. Nf3 Nf6 3. Nxe5 Nc6 4. Nxc6 dxc6 5. Nc3 Bc5 6. Bc4 Ng4 7. O-O
Qh4 8. h3 Nxf2 9. Bxf7+ Kxf7 10. Qf3+ Kg8 11. Rxf2 Bxf2+ 12. Qxf2 Qxf2+ 13.
Kxf2 Be6 14. d4 Rd8 15. Be3 Kf7 16. Kg1 Rhf8 17. Re1 Kg8 18. Rd1 Rf6 19. Bg5
Rdf8 20. Bxf6 Rxf6 21. Rf1 Rg6 22. Kh2 b6 23. a3 Bc4 24. Rf2 c5 25. dxc5
bxc5 26. Rf5 Rc6 27. Na4 Bb5 28. Rxc5 Bxa4 29. Rxc6 Bxc6 30. Kg3 Bxe4 31. c3
Kf7 32. Kf4 Bxg2 33. Kg3 Bf1 34. b4 a6 35. h4 c6 36. Kf4 Kf6 37. Ke4 Ke6 38.
Kd4 Kd6 39. c4 h6 40. a4 g5 41. hxg5 hxg5 42. c5+ Kc7 43. Ke5 g4 44. Kf4 Bh3
45. Kg3 a5 46. bxa5 Kb7 47. Kh2 Ka6 48. Kg3 Kxa5 49. Kh2 Kxa4 50. Kg3 Kb4
51. Kh2 Kxc5 52. Kg3 Kb4 53. Kf2 c5 54. Ke3 c4 55. Kd2 g3 56. Ke2 g2 57. Kf2
c3 58. Kg1 c2 59. Kf2 c1=Q 60. Kg3 g1=Q+ 61. Kxh3 Qh6# {White checkmated}
0-1

[Event "ICC tourney 2154 (40 10)"]
[Site "Internet Chess Club"]
[Date "2020.11.22"]
[Round "5"]
[White "andrewj508"]
[Black "wawama"]
[Result "1-0"]
[ICCResult "Black checkmated"]
[WhiteElo "1281"]
[BlackElo "1257"]
[Opening "Scotch game"]
[ECO "C45"]
[NIC "SO.04"]
[Time "20:01:09"]
[TimeControl "2400+10"]

1. e4 e5 2. Nf3 Nc6 3. d4 exd4 4. Nxd4 Nxd4 5. Qxd4 d6 6. Nc3 Nf6 7. Bc4 Be7
8. O-O O-O 9. Be3 Nd7 10. Rad1 Bf6 11. Qd2 Ne5 12. Bb3 Re8 13. h3 Be6 14. f4
Nc6 15. Qf2 Bxb3 16. axb3 Qc8 17. Nd5 Bxb2 18. Qg3 Kf8 19. f5 Be5 20. Qh4
Kg8 21. f6 Re6 22. Qg5 Qf8 23. Nxc7 Rae8 24. Nxe8 Rxe8 25. fxg7 Qxg7 26.
Qxg7+ Bxg7 27. Rxd6 Rb8 28. Rd7 Ne5 29. Re7 Nc6 30. Rexf7 Nb4 31. Bxa7 Rc8
32. Rxb7 Nxc2 33. Rff7 Bb2 34. Rfc7 Rd8 35. Rd7 Rc8 36. Rdc7 Rxc7 37. Rxc7
Na3 38. Rc8+ Kg7 39. Bb8 Bd4+ 40. Kh2 Bf6 41. e5 Bg5 42. e6 Be7 43. Be5+ Kg6
44. Re8 Bg5 45. Rg8+ Kh6 46. Rxg5 Kxg5 47. e7 Kh6 48. e8=Q Nc2 49. Qg8 Ne3
50. Bf4+ Kh5 51. g4+ Kh4 52. Bg3# {Black checkmated} 1-0

[Event "ICC tourney 2154 (40 10)"]
[Site "Internet Chess Club"]
[Date "2020.11.22"]
[Round "5"]
[White "danielfan"]
[Black "Dhruti813kob36"]
[Result "0-1"]
[ICCResult "White checkmated"]
[WhiteElo "628"]
[BlackElo "1425"]
[Opening "Giuoco Piano"]
[ECO "C50"]
[NIC "IG.02"]
[Time "20:01:11"]
[TimeControl "2400+10"]

1. e4 e5 2. Nf3 Nc6 3. Bc4 Bc5 4. O-O Nf6 5. Nc3 d6 6. h3 O-O 7. d3 h6 8.
Be3 Bxe3 9. fxe3 Na5 10. Bb3 Nxb3 11. axb3 Be6 12. d4 exd4 13. exd4 d5 14.
e5 Nh7 15. Nh2 Ng5 16. Kh1 f6 17. h4 Ne4 18. Nxe4 dxe4 19. h5 fxe5 20. dxe5
Qxd1 21. Raxd1 Bf7 22. g4 Rae8 23. Rde1 Rxe5 24. Nf3 Rc5 25. Rxe4 Bd5 26.
Re3 Rxf3 27. Rfxf3 Bxf3+ 28. Rxf3 Rxc2 29. b4 Rxb2 30. Rf4 b6 31. Rc4 b5 32.
Rxc7 Rxb4 33. Rxa7 Rxg4 34. Ra8+ Kf7 35. Ra7+ Ke6 36. Rb7 Rg5 37. Kh2 Rxh5+
38. Kg3 Rg5+ 39. Kh4 Kd6 40. Rb8 Kc5 41. Rc8+ Kb4 42. Rb8 Kb3 43. Rb6 b4 44.
Rxb4+ Kxb4 45. Kh3 Kc3 46. Kh4 Kd3 47. Kh3 Ke3 48. Kh4 g6 49. Kh3 Kf4 50.
Kh2 Kf3 51. Kh1 Kf2 52. Kh2 Rh5# {White checkmated} 0-1

[Event "ICC tourney 2154 (40 10)"]
[Site "Internet Chess Club"]
[Date "2020.11.22"]
[Round "5"]
[White "allenfan"]
[Black "Dobralov"]
[Result "1-0"]
[ICCResult "Black resigns"]
[WhiteElo "628"]
[BlackElo "1405"]
[Opening "Sicilian defense"]
[ECO "B30"]
[NIC "SI.31"]
[Time "20:02:03"]
[TimeControl "2400+10"]

1. e4 c5 2. Nf3 Nc6 3. Bc4 d6 4. h3 g6 5. d4 cxd4 6. Nxd4 Bg7 7. Bb5 Bd7 8.
Nxc6 bxc6 9. Bc4 Rb8 10. Qf3 Nf6 11. O-O O-O 12. Nc3 c5 13. b3 Bc6 14. Bg5
Nd7 15. a4 Ne5 16. Qg3 Nxc4 17. bxc4 h6 18. Bf4 Qa5 19. Bd2 Bxe4 20. Nxe4
Qa6 21. Ra3 Qxc4 22. Qd3 Qe6 23. Re1 Qd7 24. Nxc5 Qc6 25. Na6 Rb6 26. Nb4
Qb7 27. Nd5 Rb2 28. Nxe7+ Kh7 29. Rb3 {Black resigns} 1-0

[Event "ICC tourney 2154 (40 10)"]
[Site "Internet Chess Club"]
[Date "2020.11.22"]
[Round "5"]
[White "joeandjoe28"]
[Black "falcon2020"]
[Result "1-0"]
[ICCResult "Black checkmated"]
[WhiteElo "1421"]
[BlackElo "1200"]
[Opening "Petrov: Nimzovich attack"]
[ECO "C42"]
[NIC "RG.03"]
[Time "20:01:09"]
[TimeControl "2400+10"]

1. e4 e5 2. Nf3 Nf6 3. Nxe5 d6 4. Nf3 Nxe4 5. Nc3 Nxc3 6. dxc3 Be7 7. Bc4
Nc6 8. Be3 a6 9. Qd2 Bf5 10. Bd5 Qd7 11. Nd4 Nxd4 12. Bxd4 Qb5 13. c4 Qd7
14. Bxg7 Rg8 15. Bd4 Bg5 16. Qe2+ Kf8 17. O-O Bf4 18. Qf3 Bh3 19. Qxf4 Bxg2
20. Qh6+ Ke8 21. Rfe1+ Kd8 22. Qh4+ Kc8 23. Bxg2 Rg4 24. Re8+ Qxe8 25. Qxg4+
Kb8 26. Qe4 Qc8 27. Re1 c5 28. Bf6 Ka7 29. Be7 Qd7 30. Bxd6 f5 31. Bxc5+ Kb8
32. Qe8+ Qxe8 33. Rxe8+ Kc7 34. Rxa8 b6 35. Bd4 a5 36. Kf1 h6 37. Be5+ Kd7
38. Bd5 f4 39. Ra7+ Ke8 40. Bd6 Kd8 41. Be6 Ke8 42. Ra8# {Black checkmated}
1-0

[Event "ICC tourney 2154 (40 10)"]
[Site "Internet Chess Club"]
[Date "2020.11.22"]
[Round "5"]
[White "danielcao"]
[Black "ethansun188"]
[Result "0-1"]
[ICCResult "White checkmated"]
[WhiteElo "1034"]
[BlackElo "987"]
[Opening "Giuoco Piano"]
[ECO "C50"]
[NIC "IG.02"]
[Time "20:01:27"]
[TimeControl "2400+10"]

1. e4 e5 2. Nf3 Nc6 3. Bc4 Bc5 4. O-O Nf6 5. Nc3 O-O 6. d3 h6 7. Be3 Bb6 8.
Nd5 d6 9. Nxb6 axb6 10. Qd2 Bg4 11. Bxh6 Nh7 12. Bg5 Nxg5 13. Qxg5 Bxf3 14.
Qxd8 Rfxd8 15. gxf3 Nd4 16. f4 Nf3+ 17. Kg2 Nd2 18. Rg1 exf4 19. Kh3 Re8 20.
Rae1 Nf3 21. Kg4 Nxe1 22. Rxe1 Kf8 23. Kxf4 Ke7 24. Rg1 g6 25. Rg3 Rh8 26.
h3 Ra5 27. Rf3 Rah5 28. Kg4 Rh4+ 29. Kg5 R8h5# {White checkmated} 0-1

[Event "ICC tourney 2154 (40 10)"]
[Site "Internet Chess Club"]
[Date "2020.11.22"]
[Round "5"]
[White "solveur"]
[Black "wildrumpus"]
[Result "1-0"]
[ICCResult "Black resigns"]
[WhiteElo "1345"]
[BlackElo "1467"]
[Opening "Queen's Indian accelerated"]
[ECO "E12"]
[NIC "QP.07"]
[Time "20:01:18"]
[TimeControl "2400+10"]

1. d4 Nf6 2. c4 b6 3. Nc3 Bb7 4. Nf3 e6 5. Bg5 Be7 6. e3 O-O 7. Bd3 h6 8.
Bf4 Bb4 9. O-O Bxc3 10. bxc3 Nh5 11. Be5 d6 12. Bg3 Nxg3 13. hxg3 f5 14. a4
Nd7 15. a5 e5 16. Bc2 e4 17. Nd2 Qg5 18. axb6 axb6 19. Ba4 Nf6 20. Re1 h5
21. Qb3 Kh7 22. c5 h4 23. Nf1 dxc5 24. dxc5 Rfb8 25. c6 Ba6 26. Bb5 Bxb5 27.
Qxb5 Nh5 28. gxh4 Qf6 29. g4 Qg6 30. Qxf5 Qxf5 31. gxf5 Rxa1 32. Rxa1 Rf8
33. Ra7 Rf7 34. Ng3 Nf6 35. c4 g6 36. fxg6+ Kxg6 37. Kg2 Re7 38. Ne2 Ne8 39.
Nc3 Nd6 40. Nd5 Rh7 41. Rxc7 Rxh4 42. Nxb6 Nf5 43. Rd7 Rg4+ 44. Kf1 Nh4 45.
Rd8 Kf6 46. Ke2 Rg7 47. Nd5+ Ke6 48. c7 Rxc7 49. Nxc7+ Ke7 50. Rh8 Nf5 51.
Nd5+ Kd6 52. Rf8 Nh4 53. f3 exf3+ 54. Rxf3 Nxf3 55. Kxf3 Kc5 56. e4 Kxc4 57.
Kf4 Kd4 58. Kf5 Kc5 59. e5 Kxd5 60. Kf6 Kc6 61. e6 Kc7 62. Kf7 Kd8 63. e7+
Kc7 64. e8=Q Kd6 65. Qe4 Kc5 66. Ke6 Kb5 67. Qc2 Kb4 68. Kd5 Ka3 69. Qb1 Ka4
70. Kc5 Ka3 71. Kc4 {Black resigns} 1-0

[Event "ICC tourney 2154 (40 10)"]
[Site "Internet Chess Club"]
[Date "2020.11.22"]
[Round "5"]
[White "thanhcaptures"]
[Black "Mannansh"]
[Result "0-1"]
[ICCResult "White checkmated"]
[WhiteElo "1164"]
[BlackElo "1208"]
[Opening "Scandinavian defense"]
[ECO "B01"]
[NIC "SD.03"]
[Time "20:01:21"]
[TimeControl "2400+10"]

1. e4 d5 2. exd5 Nf6 3. Nc3 Nxd5 4. Bc4 e6 5. Nf3 Nxc3 6. bxc3 g6 7. O-O Bg7
8. Bb2 O-O 9. Rb1 c5 10. d3 Nc6 11. Qd2 b6 12. Rfd1 e5 13. d4 exd4 14. cxd4
cxd4 15. Nxd4 Nxd4 16. Bxd4 Bxd4 17. Qxd4 Qxd4 18. Rxd4 Bf5 19. Bd3 Bxd3 20.
cxd3 Rfc8 21. h3 Rc2 22. Ra4 Re8 23. Rxa7 Ree2 24. Rf1 Rcd2 25. Ra3 Rb2 26.
d4 b5 27. Rd3 Rxa2 28. d5 Rad2 29. Rd1 Re1+ 30. Rxe1 Rxd3 31. Re8+ Kg7 32.
Rd8 Kf6 33. d6 Ke6 34. Rb8 Rd5 35. Rb6 Rd1+ 36. Kh2 Rb1 37. Kg3 b4 38. Kf3
b3 39. Ke2 b2 40. f4 Rg1 41. g4 b1=Q 42. Rxb1 Rxb1 43. h4 Kxd6 44. Kf3 Kd5
45. h5 Rb3+ 46. Kg2 Ke4 47. hxg6 hxg6 48. f5 gxf5 49. gxf5 Kxf5 50. Kf2 Ke4
51. Ke2 f5 52. Kf2 f4 53. Ke2 f3+ 54. Kf1 Ke3 55. Kg1 f2+ 56. Kh2 f1=Q 57.
Kg3 Qf4+ 58. Kh3 Qg5 59. Kh2 Kf3 60. Kh3 Qh5# {White checkmated} 0-1

[Event "ICC tourney 2154 (40 10)"]
[Site "Internet Chess Club"]
[Date "2020.11.22"]
[Round "5"]
[White "PeterSlapa"]
[Black "MadiChesskid"]
[Result "0-1"]
[ICCResult "White resigns"]
[WhiteElo "1155"]
[BlackElo "1346"]
[Opening "Nimzovich-Larsen attack: classical variation"]
[ECO "A01"]
[NIC "VO.08"]
[Time "20:01:09"]
[TimeControl "2400+10"]

1. b3 d5 2. Bb2 Nc6 3. e3 e5 4. Bb5 Bd6 5. Nf3 Nf6 6. Nxe5 Bd7 7. Nxd7 Qxd7
8. Qf3 Qe6 9. Bxf6 Qxf6 10. Qxf6 gxf6 11. Nc3 O-O-O 12. Nxd5 Be5 13. Nc3 Nb4
14. O-O-O Rhg8 15. g3 f5 16. a3 Bxc3 17. dxc3 Nd5 18. Bc4 Nxc3 19. Rxd8+
Rxd8 20. Bxf7 Rf8 21. Be6+ Kd8 22. Kb2 Ne4 23. f3 Ng5 24. Rd1+ Ke7 25. Bd5
c6 26. f4 Nh3 27. Bg2 Nf2 28. Re1 Kf6 29. e4 fxe4 30. Re2 e3 31. Kc1 Re8 32.
c4 Ng4 33. Bf3 Nf2 34. Kc2 Nh3 35. Kd3 Nf2+ 36. Kd4 Nd1 37. Bh5 Rd8+ 38. Kc5
Nf2 39. Kb4 b6 40. Rxe3 a5+ 41. Kc3 Nd1+ 42. Bxd1 Rxd1 43. Rd3 Rc1+ 44. Kb2
Rh1 45. Rd2 Ke6 46. Kc3 Ra1 47. a4 Rh1 48. b4 Rc1+ 49. Kb3 Rb1+ 50. Rb2
Rxb2+ 51. Kxb2 axb4 52. Kb3 c5 53. h3 Kf5 54. Kc2 h5 55. Kd3 h4 56. g4+ Kxf4
57. Ke2 Ke4 58. Kd2 Kf4 59. Kd1 Ke4 60. Ke1 Kd4 61. Kf2 b3 62. g5 b2 63. g6
b1=Q 64. g7 Qg6 {White resigns} 0-1

[Event "ICC tourney 2154 (40 10)"]
[Site "Internet Chess Club"]
[Date "2020.11.22"]
[Round "5"]
[White "nguyencaptures"]
[Black "plamba"]
[Result "1-0"]
[ICCResult "Black checkmated"]
[WhiteElo "1138"]
[BlackElo "528"]
[Opening "Giuoco Piano"]
[ECO "C53"]
[NIC "IG.02"]
[Time "20:01:09"]
[TimeControl "2400+10"]

1. e4 e5 2. Nf3 Nc6 3. Bc4 Bc5 4. c3 a6 5. d4 exd4 6. cxd4 Bb4+ 7. Nc3 h6 8.
Qb3 a5 9. Bxf7+ Ke7 10. a3 Bxc3+ 11. bxc3 d6 12. e5 d5 13. Bxd5 a4 14. Qc4
Na5 15. Qc5+ Ke8 16. e6 c6 17. Ba2 Qf6 18. Ne5 Bxe6 19. O-O Ne7 20. Re1 Nd5
21. Bxd5 Bxd5 22. Ng4+ Kf7 23. Nxf6 Kxf6 24. Qe7+ Kg6 25. Re3 Rhe8 26. Rg3+
Kh5 27. Rh3+ Kg6 28. Qd6+ Re6 29. Rg3+ Kh7 30. Qxe6 Bxe6 31. Bf4 g5 32. Bc7
Nc4 33. Rf3 Re8 34. Re1 Nxa3 35. Rfe3 Rc8 36. Rxe6 Rxc7 37. Re7+ Rxe7 38.
Rxe7+ Kg6 39. Rxb7 Nb5 40. Rb8 Nxc3 41. Ra8 Kf5 42. Kf1 Ke4 43. Ke1 Kxd4 44.
Kd2 Ne4+ 45. Kc2 Nxf2 46. Rxa4+ Kd5 47. Kb3 c5 48. Ra5 Kd4 49. Ra4+ Kd5 50.
Ra2 c4+ 51. Kc2 Kd4 52. Ra4 Ng4 53. Ra8 Nxh2 54. Rd8+ Kc5 55. Rh8 Ng4 56.
Kc3 Kd5 57. Rd8+ Kc5 58. Rc8+ Kd5 59. Rxc4 Ne3 60. Rd4+ Ke5 61. Rd2 Nd5+ 62.
Kd3 Nf4+ 63. Ke3 Kf5 64. Rf2 Kg4 65. Ra2 Kg3 66. Ke4 Nxg2 67. Ra3+ Kg4 68.
Ra1 h5 69. Rg1 Kg3 70. Ra1 h4 71. Ra3+ Kf2 72. Kf5 h3 73. Rxh3 Nf4 74. Ra3
Ne6 75. Kxe6 g4 76. Ra2+ Kf3 77. Ra3+ Kf2 78. Ra8 g3 79. Rf8+ Kg2 80. Kf5
Kh2 81. Rh8+ Kg2 82. Kg4 Kf2 83. Rf8+ Kg2 84. Rf3 Kh2 85. Rxg3 Kh1 86. Ra3
Kg2 87. Ra2+ Kf1 88. Kf3 Ke1 89. Ke3 Kd1 90. Kd3 Ke1 91. Ke3 Kd1 92. Kd3 Ke1
93. Rd2 Kf1 94. Re2 Kg1 95. Ke3 Kh1 96. Kf3 Kg1 97. Rf2 Kh1 98. Kg3 Kg1 99.
Kf3 Kh1 100. Ra2 Kg1 101. Kg3 Kf1 102. Kf3 Ke1 103. Ke3 Kd1 104. Kd3 Ke1
105. Rc2 Kd1 106. Rb2 Kc1 107. Kc3 Kd1 108. Rc2 Ke1 109. Rd2 Kf1 110. Kd3
Ke1 111. Ke3 Kf1 112. Re2 Kg1 113. Rf2 Kh1 114. Kf3 Kg1 115. Kg3 Kh1 116.
Ra2 Kg1 117. Ra1# {Black checkmated} 1-0